 Dungeon Crawl Stone Soup version 0.31-a0-174-g85c54bcb58 (webtiles) character file.

Game seed: 11163665734833796708

5 qw the Shooter (level 1, -1/12 HPs)
             Began as a Gargoyle Hunter on June 15, 2023.
             Slain by Sigmund
             ... wielding a +0 scythe
              (6 damage)
             ... on level 2 of the Dungeon.
             The game lasted 00:00:06 (579 turns).

qw the Shooter (Gargoyle Hunter)                     Turns: 579, Time: 00:00:08

Health: -1/12      AC:  7    Str: 14    XL:     1   Next: 80%
Magic:  1/1        EV: 10    Int:  9    God:
Gold:   66         SH:  0    Dex: 13    Spells: 0/0 levels left

rFire   . . .        Y - +0 shortbow
rCold   . . .        (shield currently unavailable)
rNeg    + . .        h - +0 ring mail
rPois   inf          (no helmet)
rElec   +            (no cloak)
rCorr   .            (no gloves)
SInv    .            (no boots)
Will    .....        (no amulet)
Stlth   +            (no ring)
HPRegen 0.22/turn    (no ring)
MPRegen 0.07/turn

%: no passive effects
@: no status effects
A: sickness immunity, AC +2, negative energy resistance 1, electricity
resistance, torment resistance 1, petrification resistance
a: no special abilities


You were on level 2 of the Dungeon.
You visited 1 branch of the dungeon, and saw 2 of its levels.

You collected 66 gold pieces.


Innate Abilities, Weirdness & Mutations

You are immune to sickness and miasma.
Your stone body is resilient. (AC +2)
You are immune to poison.
You resist negative energy. (rN+)
You are resistant to electric shocks. (rElec)
You are resistant to unholy torment.
You are immune to petrification.


   Skills:
 - Level 2.1 Fighting
 - Level 4.3 Ranged Weapons
 + Level 0.0 Armour
 - Level 1.5 Dodging
 - Level 1.1 Stealth


You couldn't memorise any spells.
You didn't know any spells.
Your spell library was empty.

Inventory:

Hand Weapons
 Y - a +0 shortbow (weapon)
Armour
 h - a +0 ring mail (worn)
Potions
 d - a potion of magic {unknown}
 f - a potion of mutation {unknown}
 g - a potion of invisibility {unknown}

Dungeon Overview and Level Annotations

Branches:
Dungeon (2/15)

Altars:

Annotations:
D:2 Sigmund


Message History

Your surroundings suddenly seem different.
Done exploring.
552 ||| DROPPING scroll of butterflies.
You drop a scroll of butterflies.
Done exploring.
(D) Dungeon
Where to? (* - list waypoints, ? - help)
What level of the Dungeon? (default 1, ? - help)
There is a stone staircase leading down here.
You climb downwards.
There is a stone staircase leading up here.
Waypoint 1 assigned to D:2.
Sigmund the Dreaded comes into view.
He is wielding a +0 scythe.
Found a scroll labelled CYLUKKIUHO.
You shoot an arrow. The arrow barely misses Sigmund.
You shoot an arrow. The arrow barely misses Sigmund.
You shoot an arrow. The arrow hits Sigmund.
Sigmund is lightly wounded.
Sigmund barely misses you.
You shoot an arrow. The arrow barely misses Sigmund.
A ball python comes into view.
Sigmund hits you from afar with a +0 scythe.
Ouch! That really hurt!
You shoot an arrow. The ball python hisses angrily.
The arrow hits Sigmund.
Sigmund is moderately wounded.
Sigmund hits you but does no damage.
You shoot an arrow. The arrow barely misses Sigmund.
Sigmund hits you but does no damage.
You shoot an arrow. The arrow hits Sigmund.
Sigmund is heavily wounded.
The ball python bites you. The ball python completely misses you.
Sigmund mumbles some strange words.
Sigmund flickers and vanishes!
Deactivating autopickup; reactivate with Ctrl-A.
You shoot an arrow.
The arrow barely misses the ball python.
The ball python barely misses you. x2; Something hits you.
Ouch! That really hurt!
You die...

..#. ..# #.#
#<#####
#.....####.
...####........#
........##.#....
.....###........
.... #@#......
... #..S.#.....
.. .......{.....
...?..$.........
........###....
........# ....
....##.## ...
.... #. ##


You could see a ball python.

Vanquished Creatures
  A ball python (D:1)
  2 frilled lizards (D:1)
  A kobold (D:1)
  3 rats (D:1)
7 creatures vanquished.

Notes
Turn   | Place    | Note
-------+----------+-------------------------------------------
     0 | D:1      | qw the Gargoyle Hunter began the quest for the Orb.
     0 | D:1      | Reached XP level 1. HP: 12/12 MP: 1/1
     0 | D:1      | 0 ||| qw: Version: 0.2-a-29-g511e9b1
     0 | D:1      | 0 ||| qw: Game counter: 5412
     0 | D:1      | 0 ||| qw: Always use a shield: true
     0 | D:1      | 0 ||| qw: God list: Okawaru
     0 | D:1      | 0 ||| qw: Allow faded altars: false
     0 | D:1      | 0 ||| qw: Do Orc after D:15 true
     0 | D:1      | 0 ||| qw: Do second Lair branch before Depths: true
     0 | D:1      | 0 ||| qw: Lair rune preference: random
     0 | D:1      | 0 ||| qw: Plans: Normal, Zot:1-4, Slime:5, God:TSO, Crypt,
                  | Tomb, Abyss, Pan, Hells, Win
     0 | D:1      | 0 ||| PLANNING D:1-11
   354 | D:1      | Found a faded altar of an unknown god.
   536 | D:1      | 536 ||| UPGRADING to +0 ring mail.
   546 | D:1      | 546 ||| DROPPING +0 leather armour.
   547 | D:1      | 547 ||| READING scroll labelled VOOGOC BAIRO.
   552 | D:1      | 552 ||| DROPPING scroll of butterflies.
   571 | D:2      | Noticed Sigmund
   579 | D:2      | Slain by Sigmund

Levels and vault maps discovered:
D:1:      grunt_arrival_crossed_arrows, layout_loops_ring,
          basic_ecumenical_altar, minmay_misc_feat_rows
D:2:      layout_rooms, basic_altar, uniq_sigmund

Action                     || total
---------------------------++-------
   Fire: Shortbow          ||    17
    Use: Scroll            ||     1
 Armour: Ring mail         ||     2
  Dodge: Dodged            ||     4

Table legend:
 A = Non-vault XP
 B = Vault XP
 C = Vault XP percentage of total XP
 D = Non-vault monster count
 E = Vault monster count
 F = Vault count percentage of total count
                 A         B        C        D         E       F
            +---------+---------+-------+---------+---------+-------
      Total |       8 |       0 |   0.0 |       7 |       0 |   0.0
            +---------+---------+-------+---------+---------+-------
        D:1 |       8 |       0 |   0.0 |       7 |       0 |   0.0
            +---------+---------+-------+---------+---------+-------
